 Dungeon Crawl Stone Soup version 0.27-a0-1149-g4505690ab0 (webtiles) character file.

Game seed: 15528004226402253438

10 dang3rdave the Sneak (level 2, -4/19 HPs)
             Began as a Gargoyle Delver on May 12, 2021.
             Was an Initiate of Wu Jian.
             Slain by a phantom (7 damage)
             ... on level 4 of the Dungeon.
             The game lasted 00:03:54 (648 turns).

dang3rdave the Sneak (Gargoyle Delver)               Turns: 648, Time: 00:03:54

Health: -4/19      AC:  5    Str: 15    XL:     2   Next: 20%
Magic:  2/2        EV: 11    Int: 10    God:    Wu Jian [......]
Gold:   4          SH:  0    Dex: 11    Spells: 1/1 levels left

rFire    . . .     SeeInvis .   a - +0 hand axe
rCold    . . .     Faith    .   (no shield)
rNeg     + . .     Spirit   .   b - +0 leather armour
rPois    ∞         Reflect  .   (no helmet)
rElec    +         Harm     .   (no cloak)
rCorr    .         Rampage  .   (no gloves)
Will     .....                  (no boots)
Stlth    +++.......             (no amulet)
HPRegen  0.06/turn              (no ring)
MPRegen  0.08/turn              (no ring)

@: no status effects
A: sickness immunity, AC +2, negative energy resistance 1, electricity
resistance, torment resistance 1, petrification resistance
a: Renounce Religion


You were on level 4 of the Dungeon.
You worshipped Wu Jian.
Wu Jian was noncommittal.
You visited 2 branches of the dungeon, and saw 3 of its levels.

You collected 4 gold pieces.

Inventory:

Hand Weapons
 a - a +0 hand axe (weapon)
Armour
 b - a +0 leather armour (worn)
Wands
 g - a wand of digging (3)
Scrolls
 c - a scroll of fog
 d - a scroll of magic mapping
 e - a scroll of fear


   Skills:
 - Level 3.4 Fighting
 + Level 2.0 Axes
 - Level 1.8 Dodging
 - Level 5.6 Stealth


You had one spell level left.
You didn't know any spells.
Your spell library contained the following spells:

 Spells                   Type           Power      Damage    Failure   Level
 Apportation              Tloc           0%         N/A       43%         1
 Lesser Beckoning         Tloc           0%         N/A       80%         3
 Tukima's Dance           Hex            0%         N/A       80%         3
 Alistair's Intoxication  Tmut/Pois      0%         N/A       100%        5
 Invisibility             Hex            0%         N/A       100%        6


Dungeon Overview and Level Annotations

Branches:
Dungeon (5/15)             Temple (1/1) D:4

Altars:
Elyvilon
Qazlal
Sif Muna
Wu Jian
Yredelemnul
The Shining One

Annotations:
D:4 Ijyb


Innate Abilities, Weirdness & Mutations

You are immune to sickness and miasma.
Your stone body is resilient. (AC +2)
You are immune to poison.
You resist negative energy. (rN+)
You are resistant to electric shocks. (rElec)
You are resistant to unholy torment.
You are immune to petrification.


Message History

HP restored.
Found a shimmering blue altar of Sif Muna and a stormy altar of Qazlal.
There is a staircase back to the Dungeon here.
You climb upwards.
Level annotation: Ijyb The phantom hits you.
There is a staircase to the Ecumenical Temple here.
You hit the phantom.
The phantom is lightly damaged.
The phantom hits you but does no damage.
You hit the phantom.
The phantom is moderately damaged.
The phantom hits you.
The phantom blinks!
You blink.
The phantom barely misses you.
You miss the phantom.
The phantom is moderately damaged.
The phantom barely misses you.
You slash the phantom!
The phantom is heavily damaged.
The phantom barely misses you.
You miss the phantom.
The phantom is heavily damaged.
The phantom hits you but does no damage.
You miss the phantom.
The phantom is heavily damaged.
You closely miss the quokka. The phantom barely misses you.
The quokka bites you.
You hit the quokka.
You kill the quokka!
The Council accepts your kill.
You closely miss the phantom. The phantom completely misses you. x2
You slash the phantom!
The phantom is almost destroyed.
The phantom hits you.
* * * LOW HITPOINT WARNING * * *
The phantom blinks!
You blink.
You hit the phantom.
The phantom is almost destroyed.
The phantom hits you!
You die...

..## ...## ....##
#....# ##....# ##.....#
# .......# #. ####.##
#....# #.. #.....#
###....# #.# #@# #
...###.####.# #W# .#
...# #>.....####.####.#
...###................#
...........§.##...##..#
#..###.#...†.##...##..#
#### #................#
##.........>.....#
####............#


You could see a phantom.

Vanquished Creatures
  An adder (D:5)
  A quokka (D:4)
2 creatures vanquished.

Notes
Turn   | Place    | Note
-------+----------+-------------------------------------------
     0 | D:5      | dang3rdave the Gargoyle Delver began the quest for the Orb.
     0 | D:5      | Reached XP level 1. HP: 14/14 MP: 1/1
    44 | D:5      | Found a basalt altar of Yredelemnul.
    44 | D:5      | Noticed a howler monkey
   122 | D:5      | Found an ornate altar of the Wu Jian Council.
   127 | D:5      | Became a worshipper of the Wu Jian Council
   136 | D:4      | Noticed Ijyb
   136 | D:4      | Noticed a hound
   153 | D:5      | Reached XP level 2. HP: 19/19 MP: 2/2
   153 | D:5      | Noticed an ogre
   319 | D:4      | Noticed a phantom
   334 | D:4      | Found a staircase to the Ecumenical Temple.
   342 | Temple   | Entered the Ecumenical Temple
   648 | D:4      | Slain by a phantom

Illustrated notes

Levels and vault maps discovered:
D:4:      minmay_spotlight, layout_rooms, minmay_temple_entry_stoned_glass,
          uniq_ijyb
D:5:      layout_loops_ring, lemuel_doored_altar,
          nicolae_overflow_crystal_walls, minmay_diced_spiral
Temple:   compressed_dpeg_circular_temple

Skill      XL: |  1 |
---------------+----+-----
Axes           | 2 |  2.0
Fighting       | |  3.4
Dodging        | |  1.8
Stealth        | |  5.6

Action                   || total
-------------------------++-------
Melee: Hand axe          ||    15
Invok: Lunge             ||     3
  Use: Potion            ||     1
 Stab: Sleeping          ||     1
Armor: Leather armour    ||     3
Dodge: Dodged            ||     7

Table legend: (Time is in decaauts)
 A = Elapsed time spent in this place.
 B = Non-inter-level travel time spent in this place.
 C = Inter-level travel time spent in this place.
 D = Time resting spent in this place.
 E = Time spent auto-exploring this place.
 F = Levels seen in this place.
 G = Mean time per level.
                   A        B        C        D        E       F      G
               +--------+--------+--------+--------+--------+-----+--------+
         Total |    633 |    633 |      0 |    346 |      0 |   3 |  211.0 |
       Dungeon |    349 |    349 |      0 |     66 |      0 |   2 |  174.5 |
        Temple |    283 |    283 |      0 |    280 |      0 |   1 |  283.0 |
               +--------+--------+--------+--------+--------+-----+--------+

Top non-repeatable levels by time:
  Temple: 283 daAuts
     D:5: 248 daAuts
     D:4: 101 daAuts
